 Dungeon Crawl Stone Soup version 0.30-a0-168-g0b976cbdc4 (webtiles) character file.

Game seed: 17419133861292736500

157 qw the Chopper (level 5, -6/32 HPs)
             Began as a Gargoyle Fighter on Sept 29, 2022.
             Mangled by Edmund
             ... wielding a +3 flail of protection
              (11 damage)
             ... on level 4 of the Dungeon.
             The game lasted 00:00:52 (3377 turns).

qw the Chopper (Gargoyle Fighter)                   Turns: 3377, Time: 00:00:53

Health: -6/32      AC: 13    Str: 21    XL:     5   Next: 38%
Magic:  5/5        EV: 13    Int:  9    God:
Gold:   102        SH:  4    Dex:  9    Spells: 4/4 levels left

rFire   . . .      SeeInvis .    Y - +2 war axe
rCold   . . .      Faith    .    c - +0 buckler
rNeg    + . .      Spirit   .    b - +0 scale mail
rPois   inf        Reflect  .    (no helmet)
rElec   +          Harm     .    l - +0 cloak
rCorr   .          Rampage  .    p - +0 pair of gloves
Will    .....                    (no boots)
Stlth   ..........               (no amulet)
HPRegen 0.10/turn                g - +4 ring of evasion
MPRegen 0.09/turn                (no ring)

@: about to teleport
A: sickness immunity, AC +4, negative energy resistance 1, electricity
resistance, torment resistance 1, petrification resistance
a: no special abilities


You were on level 4 of the Dungeon.
You visited 1 branch of the dungeon, and saw 4 of its levels.

You collected 102 gold pieces.


Innate Abilities, Weirdness & Mutations

You are immune to sickness and miasma.
Your stone body is resilient. (AC +4)
You are immune to poison.
You resist negative energy. (rN+)
You are resistant to electric shocks. (rElec)
You are resistant to unholy torment.
You are immune to petrification.


   Skills:
 - Level 3.2 Fighting
 + Level 4.9 Axes
 - Level 3.2 Armour
 - Level 3.2 Shields


You had 4 spell levels left.
You didn't know any spells.
Your spell library was empty.

Inventory:

Hand Weapons
 j - a +2 flail of holy wrath
 Y - a +2 war axe (weapon)
Armour
 b - a +0 scale mail (worn)
 c - a +0 buckler (worn)
 l - a +0 cloak (worn)
 p - a +0 pair of gloves (worn)
Jewellery
 g - a +4 ring of evasion (left hand)
Scrolls
 e - a scroll of identify
 f - a scroll of immolation {unknown}
Potions
 d - a potion of might
 h - a potion of lignification
 i - a potion of haste
 k - 2 potions of curing
 n - a potion of cancellation {unknown}

Dungeon Overview and Level Annotations

Branches:
Dungeon (4/15)
 Temple: D:4-7

Altars:
Kikubaaqudgha

Annotations:
D:4 Edmund


Message History

There is a stone staircase leading down here.
A goblin comes into view. It is wielding a +2 vampiric dagger.
Found a quarterstaff.
The goblin shouts!
You closely miss the goblin. The goblin hits you but does no damage.
You closely miss the goblin.
The goblin hits you with a +2 vampiric dagger.
You slash the goblin!
You kill the goblin!
You start resting.
HP restored.
You see here a +2 vampiric dagger.
Found a stone staircase leading down.
You see here a staff of conjuration.
You now have 102 gold pieces (gained 7).
Edmund the Younger comes into view.
He is wielding a +3 flail of protection.
Edmund drinks a potion.
Edmund seems to grow stronger.
You hit Edmund but do no damage. Edmund barely misses you. x2
You hit Edmund.
Edmund is lightly wounded.
Edmund hits you with a +3 flail of protection!
You hit Edmund.
Edmund is lightly wounded.
Edmund hits you with a +3 flail of protection!
You hit Edmund but do no damage.
Edmund is lightly wounded.
Edmund closely misses you. You block Edmund's attack.
You closely miss Edmund.
Edmund is lightly wounded.
Edmund hits you with a +3 flail of protection!
3376 ||| READING scroll of teleportation.
As you read the scroll of teleportation, it crumbles to dust.
You feel strangely unstable.
Edmund hits you with a +3 flail of protection.
You hit Edmund but do no damage.
Edmund is lightly wounded.
Edmund hits you with a +3 flail of protection!
You die...

#. #. #. ###.##
..#..# #.#..#
##.#.>###########.
#)........@@$.....
#..##.############
###..##.#
#..|....#
#.......#
#.......######
###.............
#...)...)######
#.###..#.#


You could see Edmund (strong).

Vanquished Creatures
  Natasha (thrice) (D:2)
  3 gnolls (D:3)
  A worm (D:2)
  4 dart slugs
  3 endoplasms
  2 giant cockroaches (D:1)
  7 goblins
  5 hobgoblins
  2 jackals (D:1)
  5 ball pythons
  A bat (D:3)
  A frilled lizard (D:2)
  4 kobolds
  2 rats (D:1)
43 creatures vanquished.

Notes
Turn   | Place    | Note
-------+----------+-------------------------------------------
     0 | D:1      | qw the Gargoyle Fighter began the quest for the Orb.
     0 | D:1      | Reached XP level 1. HP: 14/14 MP: 1/1
     0 | D:1      | 0 ||| qw: Version: 0.2-a-12-gaebbb33
     0 | D:1      | 0 ||| qw: Game counter: 1230
     0 | D:1      | 0 ||| qw: Always use a shield: true
     0 | D:1      | 0 ||| qw: God list: Okawaru
     0 | D:1      | 0 ||| qw: Allow faded altars: false
     0 | D:1      | 0 ||| qw: Do Orc after D:15 true
     0 | D:1      | 0 ||| qw: Do second Lair branch before Depths: true
     0 | D:1      | 0 ||| qw: Lair rune preference: random
     0 | D:1      | 0 ||| qw: Plans: Normal, Zot:1-4, God:TSO, Crypt, Tomb,
                  | Pan, Slime:5, Hells, Abyss, Orb
     0 | D:1      | 0 ||| PLANNING D:1-11
    47 | D:1      | Reached skill level 2 in Axes
   104 | D:1      | Found a faded altar of an unknown god.
   159 | D:1      | 159 ||| Stepping ~*~*~tactically~*~*~ (stealth).
   160 | D:1      | 160 ||| Stepping ~*~*~tactically~*~*~ (stealth).
   164 | D:1      | 164 ||| Stepping ~*~*~tactically~*~*~ (stealth).
   165 | D:1      | 165 ||| Stepping ~*~*~tactically~*~*~ (stealth).
   203 | D:1      | Reached XP level 2. HP: 19/19 MP: 2/2
   303 | D:1      | 303 ||| Stepping ~*~*~tactically~*~*~ (stealth).
   347 | D:1      | 347 ||| DROPPING +0 whip.
   369 | D:1      | 369 ||| Stepping ~*~*~tactically~*~*~ (stealth).
   371 | D:1      | 371 ||| Stepping ~*~*~tactically~*~*~ (hiding).
   399 | D:1      | 399 ||| Stepping ~*~*~tactically~*~*~ (stealth).
   400 | D:1      | 400 ||| Stepping ~*~*~tactically~*~*~ (stealth).
   402 | D:1      | 402 ||| Stepping ~*~*~tactically~*~*~ (hiding).
   437 | D:1      | Reached skill level 3 in Axes
   568 | D:1      | Reached XP level 3. HP: 23/23 MP: 3/3
   843 | D:1      | 843 ||| UPGRADING to +4 ring of evasion.
   844 | D:1      | 844 ||| READING scroll labelled WYVEONAGIK.
   845 | D:1      | 845 ||| READING scroll labelled SUTEDE TESS.
   846 | D:1      | 846 ||| DRINKING 2 fizzy green potions.
  1299 | D:2      | Noticed Natasha
  1300 | D:2      | 1300 ||| Stepping ~*~*~tactically~*~*~ (hiding).
  1311 | D:2      | HP: 3/23 [Natasha/bolt of dispelling energy (10)]
  1312 | D:2      | Killed Natasha
  1320 | D:2      | Noticed Natasha
  1321 | D:2      | 1321 ||| FLEEEEING.
  1322 | D:2      | 1322 ||| FLEEEEING.
  1326 | D:2      | 1326 ||| FLEEEEING.
  1327 | D:2      | 1327 ||| FLEEEEING.
  1328 | D:2      | 1328 ||| FLEEEEING.
  1329 | D:2      | 1329 ||| FLEEEEING.
  1330 | D:2      | 1330 ||| FLEEEEING.
  1331 | D:2      | 1331 ||| FLEEEEING.
  1335 | D:2      | HP: 2/23 [Natasha/bolt of dispelling energy (3)]
  1338 | D:2      | Killed Natasha
  1339 | D:2      | Reached skill level 4 in Axes
  1339 | D:2      | Reached XP level 4. HP: 3/28 MP: 4/4
  1824 | D:2      | Noticed Natasha
  1825 | D:2      | 1825 ||| Stepping ~*~*~tactically~*~*~ (hiding).
  1826 | D:2      | 1826 ||| Stepping ~*~*~tactically~*~*~ (hiding).
  1833 | D:2      | HP: 7/28 [Natasha/magic dart (2)]
  1835 | D:2      | Killed Natasha
  2154 | D:2      | 2154 ||| UPGRADING to +0 cloak.
  2159 | D:2      | 2159 ||| READING scroll labelled YFINECK FESHRIGH.
  2160 | D:2      | 2160 ||| READING 2 scrolls labelled SIURGH FO ISA.
  2161 | D:2      | 2161 ||| READING scroll labelled DIHOUZESOCK.
  2166 | D:2      | 2166 ||| READING scroll labelled OBAFIOTRUS.
  2167 | D:2      | 2167 ||| DRINKING 2 purple potions.
  2168 | D:2      | 2168 ||| DRINKING 3 bubbling orange potions.
  2198 | D:3      | 2198 ||| Stepping ~*~*~tactically~*~*~ (hiding).
  2206 | D:3      | Reached XP level 5. HP: 32/32 MP: 5/5
  2324 | D:3      | HP: 7/32 [gnoll/+0 spear (7)]
  2409 | D:3      | 2409 ||| FLEEEEING.
  2410 | D:3      | 2410 ||| FLEEEEING.
  2412 | D:3      | 2412 ||| STAIRDANCE
  2583 | D:3      | 2583 ||| DROPPING +0 whip of venom.
  2587 | D:3      | Found an ancient bone altar of Kikubaaqudgha.
  2663 | D:3      | 2663 ||| Stepping ~*~*~tactically~*~*~ (hiding).
  3055 | D:3      | 3055 ||| UPGRADING to +0 pair of gloves.
  3060 | D:3      | 3060 ||| READING scroll labelled AMIULA QUCOTOM.
  3061 | D:3      | 3061 ||| READING scroll labelled OTTESU BEUZ.
  3062 | D:3      | 3062 ||| DRINKING 2 fizzy silvery potions.
  3163 | D:3      | 3163 ||| DROPPING potion of ambrosia.
  3240 | D:4      | 3240 ||| READING scroll of enchant weapon.
  3240 | D:4      | 3240 ||| ENCHANTING +1 war axe.
  3364 | D:4      | Noticed Edmund
  3375 | D:4      | HP: 6/32 [Edmund/+3 flail of protection (8)]
  3376 | D:4      | 3376 ||| READING scroll of teleportation.
  3377 | D:4      | Mangled by Edmund

Levels and vault maps discovered:
D:1:      heliophobic_arrival_henge, layout_loops_ring,
          ebering_ecumenical_altar_box
D:2:      layout_loops_ring, uniq_natasha
D:3:      layout_rooms, lemuel_crystal_altar,
          nicolae_concentric_dashed_squares_wild
D:4:      minmay_inner_zag, layout_loops_ring, lexackson_kobold_supper,
          uniq_edmund

Skill      XL: |  1  2  3 |
---------------+----------+-----
Axes           | 2 3 4 |  4.9
Fighting       | |  3.2
Armour         | |  3.2
Shields        | |  3.2

Action                   |  1- 3 |  4- 6 || total
-------------------------+-------+-------++-------
Melee: War axe           |    78 |    59 ||   137
  Use: Scroll            |     2 |     8 ||    10
       Potion            |     1 |     3 ||     4
Armor: Scale mail        |    28 |    15 ||    43
Dodge: Dodged            |    39 |    28 ||    67
Block: Buckler           |    16 |     7 ||    23

Table legend:
 A = Non-vault XP
 B = Vault XP
 C = Vault XP percentage of total XP
 D = Non-vault monster count
 E = Vault monster count
 F = Vault count percentage of total count
                 A         B        C        D         E       F
            +---------+---------+-------+---------+---------+-------
      Total |     188 |      37 |  16.4 |      42 |       1 |   2.3
            +---------+---------+-------+---------+---------+-------
        D:1 |      34 |       0 |   0.0 |      18 |       0 |   0.0
        D:2 |      90 |      37 |  29.1 |      11 |       1 |   8.3
        D:3 |      62 |       0 |   0.0 |      12 |       0 |   0.0
        D:4 |       2 |       0 |   0.0 |       1 |       0 |   0.0
            +---------+---------+-------+---------+---------+-------
